 Dungeon Crawl Stone Soup version 0.22.0-38-g04b72b8c25 (webtiles) character file.

502 Banto the Sneak (level 7, -5/41 HPs)
             Began as an Octopode Earth Elementalist on Aug 28, 2018.
             Was a Follower of Sif Muna.
             Slain by Edmund
             ... wielding a +4 flail of venom
              (8 damage)
             ... on level 5 of the Dungeon.
             The game lasted 00:05:25 (3952 turns).

Banto the Sneak (Octopode Earth Elementalist)       Turns: 3952, Time: 00:05:25

Health: -5/41      AC:  3    Str:  7    XL:     7   Next: 17%
Magic:  0/11       EV: 13    Int: 19    God:    Sif Muna [*.....]
Gold:   108        SH:  0    Dex: 13    Spells: 2/12 levels left

rFire    . . .     SeeInvis .   m - +1 dagger
rCold    . . .     Gourm    .   (no shield)
rNeg     . . .     Faith    .   (helmet restricted)
rPois    .         Spirit   .   (no amulet)
rElec    .         Reflect  .   (no ring)
rCorr    .         Harm     .   (no ring)
MR       .....                  (no ring)
Stlth    ++++......             (no ring)
HPRegen  0.13/turn              (no ring)
MPRegen  0.12/turn              (no ring)
                                (no ring)
                                (no ring)

@: very slightly contaminated
A: almost no armour, stealthy swim, amphibious, 8 rings, constrict 8, yellow
scales 1, camouflage 1, gelatinous body 1, evolution 1
a: Divine Energy, Renounce Religion


You were on level 5 of the Dungeon.
You worshipped Sif Muna.
Sif Muna was aware of your devotion.
You were not hungry.

You visited 1 branch of the dungeon, and saw 6 of its levels.

You collected 173 gold pieces.
You spent 65 gold pieces at shops.

Inventory:

Hand Weapons
 m - a +1 dagger (weapon)
Missiles
 b - 71 stones (quivered)
Armour
 o - a +1 buckler
Scrolls
 d - a scroll of enchant armour
 e - a scroll of teleportation
 f - 4 scrolls of remove curse
 g - a scroll of fog
 k - 2 scrolls of amnesia
Potions
 a - 2 potions of might
 h - a potion of agility
Comestibles
 c - 9 rations
 i - 6 chunks of flesh


   Skills:
 + Level 2.1 Short Blades
 - Level 2.1 Dodging
 + Level 5.8 Stealth
 - Level 3.0 Spellcasting
 + Level 3.3 Transmutations
 + Level 4.9 Earth Magic


You had 2 spell levels left.
You knew the following spells:

 Your Spells              Type           Power        Failure   Level  Hunger
a - Sandblast             Erth           ###...       1%          1    None
b - Passwall              Tmut/Erth      ###.....     4%          2    ##.....
c - Stone Arrow           Conj/Erth      ##....       17%         3    ###....
d - Petrify               Tmut/Erth      ###.....     28%         4    ####...

Your spell library contained the following spells:

 Spells                   Type           Power        Failure   Level  Hunger
 Lee's Rapid Deconstruct  Erth           ###.......   50%         5    ######.


Dungeon Overview and Level Annotations

Branches:
Dungeon (6/15)
 Temple: D:4-7

Altars:
Dithmenos
Gozag
Kikubaaqudgha
Makhleb
Nemelex Xobeh
Ru
Sif Muna
Wu Jian

Shops:
D:4 *

Annotations:
D:3 3 runed doors, emikaela's ghost, amateur BaCK
D:5 Edmund


Innate Abilities, Weirdness & Mutations

You cannot wear most types of armour.
You are very stealthy in the water. (Stealth+)
You are amphibious.
You can wear up to eight rings at the same time.
You can use your tentacles to constrict eight enemies at once.
Your skin changes colour to match your surroundings (Stealth+).
Your rubbery body absorbs attacks. (AC +1, EV +1)
You are partially covered in yellow scales. (AC +2)
You evolve.


Message History

Edmund hits you with a flail of venom!
* * * LOW HITPOINT WARNING * * *
You are lethally poisoned!
* * * LOW HITPOINT WARNING * * *
You feel sick.
* * * LOW HITPOINT WARNING * * *
You feel sick.
* * * LOW HITPOINT WARNING * * *
You feel sick.
You feel better. Edmund hits you with a flail of venom!
* * * LOW HITPOINT WARNING * * *
Casting: Petrify (quite dangerous; 28% risk of failure)
Confirm with . or Enter, or press ? or * to list all spells.
Aiming: Petrify (quite dangerous; 28% risk of failure)
Press: ? - help, Shift-Dir - straight line, f/p - Edmund
Aim: Edmund, wielding a flail of venom, wearing a chain mail and carrying a wand of digging (13) (heavily wounded, chance to defeat MR: 49%)
You miscast Petrify.
You are very lightly contaminated with residual magic.
You feel earthy. Edmund hits you with a flail of venom!
You die...

### ### #.. ..# #.# #.# ##
## #.# #.# ..# #.# #.####.#
.... #.##.#.<#.# .....
###......#.#######......
...............@@.......
####..####.###########+#####
#.....#.##########......#
#.##..#...#.....##......#
#...#.###.#.###.#.......####
###...# #...# #.#...........
#...# #######.#...........
#8.................>........
###...#.#########.##...#####


You could see Edmund.

Vanquished Creatures
  An ogre (D:5)
  A scorpion (D:4)
  A crimson imp (D:5)
  A hound (D:4)
  2 orc wizards (D:3)
  A worker ant (D:4)
  A hound skeleton (D:4)
  3 gnolls (D:2)
  8 adders
  An ooze (D:3)
  3 worms
  2 dart slugs (D:1)
  2 leopard geckos
  12 orcs (D:3)
  A ball python (D:3)
  4 bats
  3 giant cockroaches
  12 hobgoblins
  10 jackals
  2 quokkas (D:4)
  3 frilled lizards
  4 goblins
  5 kobolds
  9 rats
92 creatures vanquished.

Notes
Turn   | Place    | Note
-------+----------+-------------------------------------------
     0 | D:1      | Banto the Octopode Earth Elementalist began the quest for the Orb.
     0 | D:1      | Reached XP level 1. HP: 11/11 MP: 3/3
    63 | D:1      | Reached XP level 2. HP: 12/17 MP: 5/5
    81 | D:1      | Reached skill level 3 in Stealth
   671 | D:1      | Reached XP level 3. HP: 19/21 MP: 4/6
   684 | D:1      | Learned a level 2 spell: Passwall
   688 | D:1      | Learned a level 3 spell: Stone Arrow
  1266 | D:2      | Found an ancient bone altar of Kikubaaqudgha.
  1412 | D:2      | Found a sacrificial altar of Ru.
  1694 | D:2      | Found a sparkling altar of Nemelex Xobeh.
  1744 | D:2      | Reached XP level 4. HP: 27/27 MP: 4/7
  1973 | D:2      | Found an opulent altar of Gozag.
  1974 | D:2      | Found an ornate altar of the Wu Jian Council.
  1976 | D:2      | Found a deep blue altar of Sif Muna.
  1984 | D:2      | Became a worshipper of Sif Muna the Loreminder
  2161 | D:3      | Reached skill level 4 in Stealth
  2503 | D:3      | Reached XP level 5. HP: 27/31 MP: 7/9
  2612 | D:3      | Found a runed gate.
  2616 | D:3      | Noticed a big kobold
  2616 | D:3      | Noticed emikaela's ghost (amateur BaCK)
  2617 | D:3      | Found a runed gate.
  2617 | D:3      | Found a runed gate.
  2964 | D:3      | Found a burning altar of Makhleb.
  3014 | D:3      | Learned a level 4 spell: Petrify
  3102 | D:3      | Reached XP level 6. HP: 32/36 MP: 7/10
  3118 | D:3      | Found a shadowy altar of Dithmenos.
  3279 | D:4      | Gained mutation: You evolve. [potion of mutation]
  3279 | D:4      | Gained mutation: You are partially covered in yellow scales. (AC +2) [potion of mutation]
  3309 | D:4      | Found Jeaguska's General Store.
  3317 | D:4      | Bought a scroll of teleportation for 39 gold pieces
  3317 | D:4      | Bought a scroll of fog for 26 gold pieces
  3377 | D:4      | Reached skill level 1 in Short Blades
  3428 | D:4      | Reached skill level 5 in Stealth
  3438 | D:4      | Reached * piety under Sif Muna
  3867 | D:5      | Entered Level 5 of the Dungeon
  3869 | D:5      | You fall through a shaft!
  3869 | D:6      | Noticed an ice beast
  3891 | D:5      | Reached XP level 7. HP: 41/41 MP: 4/11
  3926 | D:5      | Noticed Edmund
  3948 | D:5      | HP: 2/41 [poisoned by Edmund]
  3952 | D:5      | Slain by Edmund

Skill      XL: |  1  2  3  4  5  6 |
---------------+-------------------+-----
Stealth        | 3 4 5 |  5.8
Transmutations | 2 3 |  3.3
Earth Magic    | 4 |  4.9
Spellcasting   | 3 |  3.0
Short Blades   | 2 |  2.1
Dodging        | |  2.1

Action                   |  1- 3 |  4- 6 |  7- 9 || total
-------------------------+-------+-------+-------++-------
Melee: Unarmed           |    62 |    79 |       ||   141
       Constrict         |    30 |    32 |     2 ||    64
       Tentacles         |    10 |    30 |     1 ||    41
       Short sword       |    22 |       |       ||    22
       Dagger            |       |    52 |     6 ||    58
 Cast: Sandblast         |    13 |    46 |     4 ||    63
       Passwall          |       |     2 |       ||     2
       Petrify           |       |       |     1 ||     1
  Use: Scroll            |     3 |     8 |       ||    11
       Potion            |       |     1 |     1 ||     2
 Stab: Sleeping          |    12 |     9 |     1 ||    22
  Eat: Chunk             |     3 |     7 |       ||    10
Armor: Skin              |    10 |    10 |     1 ||    21
Dodge: Dodged            |    55 |    99 |     2 ||   156
